 Dungeon Crawl Stone Soup version 0.30.1-3-gfc49f6343a (webtiles) character file.

Game seed: 17701674607420733007

100 Babbit the Covered (level 4, -3/41 HPs)
             Began as a Minotaur Fighter on Aug 3, 2023.
             Slain by a cerulean imp
             ... wielding a +0 spear
             ... summoned by Natasha
              (5 damage)
             ... on level 3 of the Dungeon.
             The game lasted 00:06:35 (1585 turns).

Babbit the Covered (Minotaur Fighter)               Turns: 1585, Time: 00:06:35

Health: -3/41      AC:  9    Str: 29    XL:     4   Next: 46%
Magic:  3/3        EV:  9    Int:  5    God:
Gold:   155        SH:  4    Dex:  9    Spells: 3/3 levels left

rFire   . . .        a - +0 war axe
rCold   . . .        c - +0 buckler
rNeg    . . .        b - +0 scale mail
rPois   .            (helmet restricted)
rElec   .            (no cloak)
rCorr   .            l - +0 pair of gloves
SInv    .            k - +0 pair of boots
Will    .....        (no amulet) Stlth
                     u - +6 ring of strength
HPRegen 0.26/turn    (no ring)
MPRegen 0.08/turn

%: no passive effects
@: about to teleport, hasted, very quick
A: horns 2, retaliatory headbutt
a: no special abilities


You were on level 3 of the Dungeon.
You visited 1 branch of the dungeon, and saw 3 of its levels.

You collected 155 gold pieces.

Inventory:

Hand Weapons
 a - a +0 war axe (weapon)
Armour
 b - a +0 scale mail (worn)
 c - a +0 buckler (worn)
 k - a +0 pair of boots (worn)
 l - a +0 pair of gloves (worn)
Jewellery
 u - a +6 ring of strength (left hand)
Wands
 o - a wand of polymorph (3) (quivered)
Scrolls
 f - 2 scrolls of teleportation
 h - 2 scrolls of identify
 i - 2 scrolls of poison {unknown}
 j - a scroll of fog {unknown}
 m - 2 scrolls of enchant armour {unknown}
 s - a scroll of enchant weapon {unknown}
 v - a scroll of fear {unknown}
Potions
 d - 2 potions of might
 e - a potion of brilliance
 g - 2 potions of curing
 n - a potion of attraction {unknown}
 p - a potion of mutation {unknown}
 q - a potion of resistance {unknown}
 r - 3 potions of haste
 t - 2 potions of degeneration {unknown}
 w - a potion of ambrosia {unknown}


   Skills:
 + Level 4.4 Fighting
 + Level 3.5 Axes
 + Level 4.5 Armour
 + Level 4.4 Shields


You had 3 spell levels left.
You didn't know any spells.
Your spell library contained the following spells:

 Spells                   Type           Power      Damage    Failure   Level
 Cigotuvi's Dreadful Rot  Necr/Pois/Air  0%         N/A       88%         2
 Ensorcelled Hibernation  Hex/Ice        0%         N/A       88%         2
 Passwall                 Tmut/Erth      0%         N/A       88%         2
 Ignite Poison            Fire/Tmut/Pois 0%         N/A       98%         3
 Swiftness                Air            0%         N/A       98%         3
 Freezing Cloud           Conj/Ice/Air   0%         6-21      100%        5


Dungeon Overview and Level Annotations

Branches:
Dungeon (3/15)

Altars:
Cheibriados
Xom

Annotations:
D:3 Grinder, Natasha


Innate Abilities, Weirdness & Mutations

You have a pair of horns on your head.
You reflexively headbutt those who attack you in melee.


Message History

Press: ? - help, Q - select action Shift-Dir - straight line, f - Grinder
Aim: Grinder (will become a lemure, a chaos spawn, or a neqoxec, chance to affect: 49%) Grinder evaporates and reforms as a chaos spawn!
A bat comes into view.
Found 2 stones.
Natasha and an endoplasm come into view.
Found 16 gold pieces.
Natasha hisses angrily.
The endoplasm quivers.
The bat barely misses you. Grinder hits you!
You are engulfed in flames!
You block the bat's attack.
A dart slug comes into view.
You closely miss Grinder. Your headbutt misses Grinder. You slash the bat!
You kill the bat!
Grinder gores you!
You feel yourself speed up. You block Grinder's attack.
The endoplasm hits you but does no damage.
You slash the endoplasm!
You kill the endoplasm!
Okay, then.
You closely miss Grinder. You block Grinder's attack.
Natasha hisses.
You closely miss Grinder. Grinder hits you. Grinder shocks you!
* * * LOW HITPOINT WARNING * * *
You slash Grinder!
Grinder is heavily wounded.
Natasha mumbles some strange words.
Grinder gores you but does no damage.
You hit Grinder. Your headbutt misses Grinder.
Grinder is heavily wounded.
You miss the cerulean imp. You block Grinder's attack.
You hit Grinder but do no damage.
Grinder is heavily wounded.
You closely miss the cerulean imp.
The cerulean imp hits you with a +0 spear.
* * * LOW HITPOINT WARNING * * *
As you read the scroll labelled IROERCHEXEM, it crumbles to dust.
You feel strangely unstable.
It was a scroll of teleportation.
Grinder hits you but does no damage.
The cerulean imp hits you with a +0 spear.
You die...

...#####.#.#####.##
...........#
##'####
...#####.###
#.....# .#..##.#.#
#.....# .##......#
#.....# .###...####
#.....# .# ##.....#
#.(...# .####.....#
#.....# ..........#
#5@...# .......<..#
##4#######
###.#.....#
#hw......
...#.....#
#...$....
###.####..#
#........ #.# #...
#.!...... ..# ####
......... ###
##.....(. ##.....


You could see Grinder the chaos spawn, Natasha, a cerulean imp (summoned) and a
dart slug.

Vanquished Creatures
  Jessica (D:2)
  2 adders (D:2)
  2 worms (D:2)
  3 dart slugs
  4 ball pythons
  5 endoplasms
  3 giant cockroaches
  6 goblins
  2 hobgoblins (D:2)
  4 kobolds
  2 quokkas (D:1)
  3 bats
  4 frilled lizards
  4 rats
45 creatures vanquished.

Notes
Turn   | Place    | Note
-------+----------+-------------------------------------------
     0 | D:1      | Babbit the Minotaur Fighter began the quest for the Orb.
     0 | D:1      | Reached XP level 1. HP: 19/19 MP: 0/0
   386 | D:1      | Reached XP level 2. HP: 27/27 MP: 1/1
   787 | D:2      | Noticed Jessica
   791 | D:2      | Killed Jessica
   792 | D:2      | Reached XP level 3. HP: 33/33 MP: 2/2
   939 | D:2      | Reached XP level 4. HP: 27/40 MP: 3/3
  1405 | D:3      | Found a snail-covered altar of Cheibriados.
  1428 | D:3      | Found a shimmering altar of Xom.
  1571 | D:3      | Noticed Grinder
  1572 | D:3      | Grinder changed into Grinder the chaos spawn
  1572 | D:3      | Noticed Grinder
  1574 | D:3      | Noticed Natasha
  1584 | D:3      | HP: 1/41 [cerulean imp/+0 spear[Natasha] (5)]
  1585 | D:3      | Slain by a cerulean imp

Illustrated notes

Levels and vault maps discovered:
D:1:      co_arrival_random_square_maze, layout_loops_ring, serial_rivers,
          chequers_serial_rivers_micro_a, chequers_serial_rivers_micro_a,
          chequers_serial_rivers_micro_a, chequers_serial_rivers_micro_a,
          minmay_pentomino_r2
D:2:      layout_rooms, hangedman_abyss_or_decor_stabs, wad_floor_pattern_1,
          uniq_jessica
D:3:      layout_basic, mainiacjoe_overflow_large_starburst, uniq_grinder,
          uniq_natasha

Skill      XL: |  1  2 |
---------------+-------+-----
Fighting       | 4 |  4.4
Axes           | 3 |  3.5
Armour         | 4 |  4.5
Shields        | 4 |  4.4

Action                     |  1- 3 |  4- 6 || total
---------------------------+-------+-------++-------
  Melee: War axe           |    56 |    33 ||    89
         Headbutt          |     3 |     7 ||    10
  Throw: Boomerang         |     5 |       ||     5
  Evoke: Wand              |       |     1 ||     1
    Use: Scroll            |     1 |     3 ||     4
 Armour: Scale mail        |    22 |    15 ||    37
  Dodge: Dodged            |    25 |    14 ||    39
  Block: Buckler           |     7 |     8 ||    15
